 Dungeon Crawl Stone Soup version 0.30.1-9-gdf580d7c3d (webtiles) character file.

Game seed: 8978081920416604148

625 STONEBERSERKER the Chopper (level 7, -9/63 HPs)
             Began as a Minotaur Berserker on Oct 12, 2023.
             Was a Believer of Trog.
             Mangled by a troll zombie (12 damage)
             ... in an ossuary.
             The game lasted 00:04:27 (2893 turns).

STONEBERSERKER the Chopper (Minotaur Berserker)     Turns: 2893, Time: 00:04:28

Health: -9/63      AC: 10    Str: 23    XL:     7   Next: 23%
Magic:  6/6        EV:  9    Int:  4    God:    Trog [**....]
Gold:   65         SH:  0    Dex: 10    Spells: 6/6 levels left

rFire   . . .        a - +0 hand axe
rCold   . . .        (no shield)
rNeg    + . .        v - +0 chain mail
rPois   .            (helmet restricted)
rElec   .            (no cloak)
rCorr   .            o - +0 pair of gloves
SInv    .            (no boots)
Will    +....        (no amulet) Stlth
                     k - ring of willpower
HPRegen 0.30/turn    q - ring of positive energy
MPRegen 0.10/turn

%: no passive effects
@: on berserk cooldown, slowed, studying Hexes, very slow
A: horns 2, retaliatory headbutt
a: Renounce Religion, Berserk, Trog's Hand


You were in an ossuary.
You worshipped Trog.
Trog was pleased with you.
You visited 1 branch of the dungeon, and saw 4 of its levels.
You also visited: Ossuary.

You collected 195 gold pieces.
You spent 130 gold pieces at shops.

Inventory:

Hand Weapons
 a - a +0 hand axe (weapon)
Armour
 o - a +0 pair of gloves (worn)
 v - a +0 chain mail (worn)
Jewellery
 k - a ring of willpower (left hand)
 q - a ring of positive energy (right hand)
Wands
 r - a wand of mindburst (9)
Scrolls
 d - a scroll of amnesia
 f - 2 scrolls of brand weapon
 g - a scroll of fog {unknown}
 h - a scroll of enchant weapon
Potions
 b - a potion of degeneration {unknown}
 c - 2 potions of haste {unknown}
 e - 2 potions of flight {unknown}
 j - 3 potions of curing {unknown}
 l - 2 potions of heal wounds {unknown}
 n - a potion of might {unknown}
 s - a potion of resistance {unknown}


   Skills:
 * Level 6.0 Fighting
 * Level 6.5 Axes
 + Level 4.2 Armour
 + Level 3.9 Dodging
 + Level 2.0 Evocations


You had 6 spell levels left.
You didn't know any spells.
Your spell library was empty.

Dungeon Overview and Level Annotations

Branches:
Dungeon (4/15)            Ossuary (1/1)
 Temple: D:4-7

Altars:
Kikubaaqudgha

Shops:
D:3 [


Innate Abilities, Weirdness & Mutations

You have a pair of horns on your head.
You reflexively headbutt those who attack you in melee.


Message History

The centaur zombie is almost destroyed.
The centaur zombie hits you but does no damage.
The centaur zombie kicks you.
The centaur zombie hits you but does no damage.
The centaur zombie kicks you but does no damage.
Unknown command.
You slash the centaur zombie!
You destroy the centaur zombie!
Trog accepts your kill.
Your Fighting skill increases to level 6!
Your Evocations skill increases to level 2!
Unknown command.
You hit the troll zombie but do no damage.
You headbutt the troll zombie!
The troll zombie is lightly damaged.
The troll zombie bites you but does no damage.
The troll zombie claws you but does no damage. x2
The troll zombie barely misses you.
The troll zombie claws you but does no damage.
The troll zombie claws you.
You hit the troll zombie. You headbutt the troll zombie.
The troll zombie is moderately damaged.
The troll zombie bites you but does no damage.
The troll zombie closely misses you.
The troll zombie claws you but does no damage.
Unknown command.
You hit the troll zombie. You headbutt the troll zombie!
The troll zombie is heavily damaged.
The troll zombie barely misses you. The troll zombie claws you!
* * * LOW HITPOINT WARNING * * *
The troll zombie claws you.
* * * LOW HITPOINT WARNING * * *
You hit the troll zombie.
The troll zombie is heavily damaged.
The troll zombie barely misses you. x2; The troll zombie claws you.
* * * LOW HITPOINT WARNING * * *
You hit the troll zombie.
The troll zombie is heavily damaged.
The troll zombie bites you!
You die...

#..#.#'####
#..'.#....#....#....#
#..###....#....#....# .
#..#.#....#....#....#..
#..#.#.........#....... #..#
#..'.####......#......### #..#
#..###................... #..#
#..#.#.........Z......... +..#
#..#.#........!@!....... #..#
#..'.'.......!!$!!..... #..#
#..########..!$∩$?..########..#
#..#.'.......??$!?.......'.'..#
#..#.#........!??........#.#..#
#..'.#...................#.#..#
#..###..............'....###..#
#..#.####......#......####.'..#
#..#.#.........#.........#.#..#


You could see a troll zombie.

Vanquished Creatures
  A yak (D:4)
  Menkaure (D:4)
  2 centaur zombies (Ossuary)
  A hound (D:4)
  2 ogre zombies (Ossuary)
  7 mummies
  4 gnolls (D:3)
  3 adders
  3 adder zombies (Ossuary)
  A dart slug (D:2)
  2 orcs (D:4)
  5 bats
  6 endoplasms
  3 giant cockroaches (D:2)
  4 goblins
  4 hobgoblins
  3 ball pythons (D:3)
  A frilled lizard (D:2)
  4 goblin zombies (Ossuary)
  2 hobgoblin zombies (Ossuary)
  7 kobolds
  A kobold zombie (Ossuary)
  A quokka zombie (Ossuary)
  4 rats
  2 rat zombies (Ossuary)
74 creatures vanquished.

Notes
Turn   | Place    | Note
-------+----------+-------------------------------------------
     0 | D:1      | STONEBERSERKER the Minotaur Berserker began the quest for
                  | the Orb.
     0 | D:1      | Reached XP level 1. HP: 19/19 MP: 0/0
    11 | D:1      | Found an ancient bone altar of Kikubaaqudgha.
   162 | D:1      | Found a faded altar of an unknown god.
   763 | D:2      | Reached XP level 2. HP: 27/27 MP: 1/1
  1069 | D:2      | Reached XP level 3. HP: 30/33 MP: 2/2
  1530 | D:3      | Found Ruyssis's Antique Armour Shop.
  1717 | D:3      | Reached skill level 5 in Axes
  1717 | D:3      | Reached XP level 4. HP: 38/40 MP: 3/3
  2129 | D:3      | Bought a chain mail for 130 gold pieces
  2175 | D:4      | Reached ** piety under Trog
  2193 | D:4      | Noticed a yak
  2207 | D:4      | Killed a yak
  2208 | D:4      | Reached skill level 5 in Fighting
  2208 | D:4      | Reached skill level 1 in Evocations
  2208 | D:4      | Reached XP level 5. HP: 24/48 MP: 4/4
  2208 | D:4      | Reached XP level 6. HP: 28/56 MP: 5/5
  2294 | D:4      | Noticed Menkaure
  2307 | D:4      | Killed Menkaure
  2363 | D:4      | Found a sand-covered staircase.
  2375 | Ossuary  | Entered an ossuary
  2775 | Ossuary  | Reached XP level 7. HP: 54/62 MP: 6/6
  2892 | Ossuary  | HP: 3/63 [troll zombie (6)]
  2893 | Ossuary  | Mangled by a troll zombie

Illustrated notes

Levels and vault maps discovered:
D:1:      dpeg_arrival_lava_altar, layout_loops_cross,
          hellmonk_ecumenical_altar_pennies_from_heaven
D:2:      layout_loops_ring
D:3:      layout_basic, serial_shops, shop, chequers_serial_rivers_micro_a,
          hangedman_abyss_or_decor_stabs, minmay_goblin_kobold_house
D:4:      layout_cave_pools, nicolae_ru_awakened_eye, nicolae_uskayaw_en_pointe,
          minmay_temple_entry_gardened_gates, serial_shops, nicolae_square_shop,
          gup_ossuary_entry_pyramid, portal_sewer_entry_b, minmay_manual_mail,
          uniq_duvessa, uniq_menkaure
Ossuary:  ossuary_boxes_badplayer

Skill      XL: |  1  2  3  4  5  6  7 |
---------------+----------------------+-----
Axes           | 4 5 6 |  6.5
Fighting       | 4 5 6 |  6.0
Armour         | 3 4 |  4.2
Dodging        | 3 |  3.9
Evocations     | 1 2 |  2.0

Action                     |  1- 3 |  4- 6 |  7- 9 || total
---------------------------+-------+-------+-------++-------
  Melee: Hand axe          |    69 |   105 |    28 ||   202
         Headbutt          |    15 |    16 |     9 ||    40
         Punch             |       |     2 |       ||     2
 Invoke: Berserk           |     1 |     2 |     1 ||     4
    Use: Scroll            |       |     7 |       ||     7
 Armour: Animal skin       |     4 |       |       ||     4
         Scale mail        |    31 |     7 |       ||    38
         Chain mail        |       |    37 |    22 ||    59
  Dodge: Dodged            |    35 |    41 |    25 ||   101
